 Dungeon Crawl Stone Soup version 0.28-a0-653-g7e9dba17c3 (webtiles) character file.

Game seed: 1198902575306272055

25 lawman0 the Chopper (level 2, -2/25 HPs)
             Began as a Palentonga Berserker on Oct 11, 2021.
             Was a Follower of Trog.
             Killed by divine providence
             ... invoked by an orc priest
              (14 damage)
             ... on level 2 of the Dungeon.
             The game lasted 00:01:48 (1465 turns).

lawman0 the Chopper (Palentonga Berserker)          Turns: 1465, Time: 00:01:49

Health: -2/25      AC:  5    Str: 20    XL:     2   Next: 82%
Magic:  2/2        EV:  9    Int:  7    God:    Trog [*.....]
Gold:   34         SH:  0    Dex:  9    Spells: 1/1 levels left

rFire   . . .      SeeInvis +   a - +0 hand axe
rCold   . . .      Faith    .   (no shield)
rNeg    . . .      Spirit   .   b - +0 ring mail
rPois   .          Reflect  .   (no helmet)
rElec   .          Harm     .   (no cloak)
rCorr   .          Rampage  .   (no gloves)
Will    .....                   (no barding)
Stlth   ..........              (no amulet)
HPRegen 0.08/turn               (no ring)
MPRegen 0.08/turn               (no ring)

@: no status effects
A: large, rugged brown scales 3, see invisible, deformed body, roll 1, armoured
tail
a: Rolling Charge, Renounce Religion, Berserk


You were on level 2 of the Dungeon.
You worshipped Trog.
Trog was aware of your devotion.
You visited 1 branch of the dungeon, and saw 2 of its levels.

You collected 34 gold pieces.

Inventory:

Hand Weapons
 a - a +0 hand axe (weapon)
Armour
 b - a +0 ring mail (worn)
Potions
 c - a potion of attraction {unknown}
 e - 2 potions of might {unknown}


   Skills:
 + Level 3.3 Fighting
 + Level 3.4 Axes
 + Level 1.7 Armour
 + Level 1.8 Dodging


You had one spell level left.
You didn't know any spells.
Your spell library was empty.

Dungeon Overview and Level Annotations

Branches:
Dungeon (2/15)

Altars:


Innate Abilities, Weirdness & Mutations

You are completely covered in rugged brown scales. (AC +3, +7% HP)
You have supernaturally acute eyesight. (SInv)
Armour fits poorly on your strangely shaped body.
You can roll at nearby foes to attack.
You have a long armoured tail.


Message History

You hit the rat.
The rat is moderately wounded.
The rat completely misses you.
You hit the rat but do no damage.
The rat is moderately wounded.
The rat bites you but does no damage. The rat barely misses you.
You closely miss the rat.
The rat is moderately wounded.
The rat closely misses you.
You hit the rat.
You kill the rat!
Trog accepts your kill.
e - 2 golden potions (gained 1)
Found a trident.
A bat comes into view.
The bat hits you.
You miss the bat. You tail-slap the bat.
You kill the bat!
Trog accepts your kill.
HP restored.
You open the door.
An orc, an orc priest, an orc wizard and a phantom come into view.
The orc wizard shouts!
The orc shouts!
The orc priest shouts!
An orc comes into view. It is wielding a +0 flail.
A rat comes into view.
The orc shouts!
The orc wizard mumbles some strange words.
The orc wizard flickers and vanishes for a moment.
The orc priest calls down the wrath of Beogh upon you.
Beogh smites you!
Ouch! That really hurt!
As you read the scroll labelled FAGECIJUSO, it crumbles to dust.
You hear a loud clanging noise!
It was a scroll of noise.
You hear a shout!
You hear an angry hiss.
The orc priest looks braver for a moment.
The orc priest calls down the wrath of Beogh upon you.
Beogh smites you!
Ouch! That really hurt!
You die...

### # ############ ###.. ..
........... .... ...
######...# #.. .... #
####...# #.# .....
###......############.#......
'...............@..oW.oo.....
###...........###.....#......
# #...........# #.....# .####
# #...........# #.....# # #
###.........# #####.# #
#.........# #.). #
#.........# ##### #.........#
###########


You could see a phantom, an orc priest, an orc wizard (invisible) and an orc.

Vanquished Creatures
  2 endoplasms (D:1)
  A giant cockroach (D:1)
  7 hobgoblins (D:1)
  2 kobolds (D:1)
  2 quokkas (D:1)
  2 bats
  A frilled lizard (D:1)
  2 goblins (D:1)
  3 rats
22 creatures vanquished.

Notes
Turn   | Place    | Note
-------+----------+-------------------------------------------
     0 | D:1      | lawman0 the Palentonga Berserker began the quest for the
                  | Orb.
     0 | D:1      | Reached XP level 1. HP: 19/19 MP: 1/1
   472 | D:1      | Reached XP level 2. HP: 20/25 MP: 2/2
  1459 | D:2      | Noticed a phantom
  1465 | D:2      | Killed from afar by an orc priest

Illustrated notes

Levels and vault maps discovered:
D:1:      scummos_arrival_gate, layout_loops_corners
D:2:      layout_basic, shapermc_ecumenical_altar_hornbeckon

Action                   || total
-------------------------++-------
Melee: Hand axe          ||    50
       Tailslap          ||     4
Invok: Berserk           ||     2
  Use: Scroll            ||     1
Armor: Ring mail         ||    17
       Leather armour    ||     2
       Animal skin       ||     1
Dodge: Dodged            ||    17

Table legend: (Time is in decaauts)
 A = Elapsed time spent in this place.
 B = Non-inter-level travel time spent in this place.
 C = Inter-level travel time spent in this place.
 D = Time resting spent in this place.
 E = Time spent auto-exploring this place.
 F = Levels seen in this place.
 G = Mean time per level.
                   A        B        C        D        E       F      G
               +--------+--------+--------+--------+--------+-----+--------+
         Total |   1489 |   1444 |     45 |     70 |   1181 |   2 |  744.5 |
       Dungeon |   1489 |   1444 |     45 |     70 |   1181 |   2 |  744.5 |
               +--------+--------+--------+--------+--------+-----+--------+

Top non-repeatable levels by time:
     D:1: 1416 daAuts
     D:2: 73 daAuts
